 Dungeon Sprint DCSS version 0.19.1 (webtiles) character file.

3273 equalderp2856 the Ripper (level 9, -10/45 HPs)
             Began as a Felid Fighter on Nov 29, 2016.
             Was an Initiate of Gozag.
             Mangled by a death yak (24 damage)
             ... in the Dungeon (Sprint IX: "|||||||||||||||||||||||||||||").
             The game lasted 00:04:19 (2817 turns).

equalderp2856 the Ripper (Felid Fighter)            Turns: 2817, Time: 00:04:21

Health: -10/45     AC:  2    Str: 16    XL:     9   Next: 68%
Magic:  10/10      EV: 31    Int: 10    God:    Gozag
Gold:   2277       SH:  0    Dex: 20    Spells: 0 memorised, 8 levels left
                                        Lives:  0   Deaths: 2

rFire  . . .     SeeInvis +       - Unarmed
rCold  . . .     Gourm    .     (armour unavailable)
rNeg   . . .     Faith    .     (shield unavailable)
rPois  .         Spirit   .     (helmet unavailable)
rElec  .         Reflect  .     (cloak unavailable)
rCorr  .         Harm     .     (gloves unavailable)
MR     +....     NoTele   +     (boots unavailable)
Stlth  ++++++....               (no amulet)
                                n - +3 ring of strength
                                m - +3 ring of dexterity

@: gold aura, quick
A: no armour, no weapons or thrown items, stealth, claws 1, fangs 3, see
invisible, carnivore 3, speed 1, shaggy fur 2, slow metabolism 1, sharp paws
a: Potion Petition, Call Merchant, Bribe Branch, Renounce Religion


You were in the Dungeon.
You worshipped Gozag.
Gozag was most pleased with you.
You were not hungry.

You visited 1 branch You collected 2277 gold pieces.

Inventory:

Jewellery
 m - a +3 ring of dexterity (left paw)
 n - a +3 ring of strength (right paw)
Wands
 l - a wand of acid (7/15)
 q - a wand of paralysis (6/24)
Scrolls
 h - 3 scrolls of blinking
 j - 3 scrolls of remove curse
 k - 2 scrolls of amnesia
 o - a scroll of identify
 p - 2 scrolls of fog
Potions
 a - 2 potions of might
 c - 5 potions of curing
 d - 3 potions of heal wounds
 e - 2 potions of haste
 f - 4 potions of magic
 g - 3 potions of berserk rage
 i - a potion of invisibility
Comestibles
 b - 13 meat rations


   Skills:
 + Level 8.4 Fighting
 + Level 13.5 Dodging
 + Level 12.4 Stealth
 + Level 17.8 Unarmed Combat


You had 8 spell levels left.
You didn't know any spells.

Dungeon Overview and Level Annotations

Branches:
Dungeon (1/1)

Altars:
Cheibriados
Dithmenos
Elyvilon
Fedhas
Gozag
Hepliaklqana
Kikubaaqudgha
Makhleb
Nemelex Xobeh
Okawaru
Qazlal
Ru
Sif Muna
Trog
Uskayaw
Vehumet
Xom
Yredelemnul
Zin
The Shining One
Beogh
Jiyva
Lugonu


Innate Abilities, Weirdness & Mutations

You cannot wear armour.
You are incapable of wielding weapons or throwing items.
Your paws allow you to move quietly. (Stealth)
You have sharp claws.
You have razor-sharp teeth.
You have supernaturally acute eyesight. (SInv)
You are carnivorous and can eat meat at any time.
You cover ground quickly.
You are covered in thick fur. (AC +2)
You have a slow metabolism.
Your sharp claws are effective at attacking unaware monsters.


Message History

You claw the death yak! You bite the death yak!
The death yak is heavily wounded.
The death yak barely misses you.
You scratch the death yak.
The death yak is severely wounded.
The death yak is distracted by the nearby gold.
The death yak bellows!
You scratch the death yak but do no damage.
You bite the death yak, but do no damage.
The death yak is severely wounded.
The death yak gores you!!
Ouch! That really hurt!
You claw the death yak!
You claw the death yak, but do no damage.
You bite the death yak, but do no damage.
The death yak is severely wounded.
The death yak gores you!!
Ouch! That really hurt!
You die...
Your body crumbles into a pile of gold. $$$$$$$ $$$$$$$$$$$$ $$$$$ $ $ $ ▓▓▓▓▓▓▓▓▓▓▓▓▓▓▓▓▓▓▓▓▓▓▓▓▓▓▓▓▓▓▓▓▓ ...............$@YYY.....Y....... ▓▓▓▓▓▓▓▓▓▓▓▓▓▓▓▓▓▓▓▓▓▓▓▓▓▓▓▓▓▓▓▓▓ .'.........'$$DFFFDFF YY.YY.YYY(

▓▓▓▓▓▓▓▓▓▓▓▓▓▓▓▓▓▓▓▓▓▓▓▓▓▓▓▓▓▓▓▓▓
........)........................
▓▓▓▓▓▓▓▓▓▓▓▓▓▓▓▓▓▓▓▓▓▓▓▓▓▓▓▓▓▓▓▓▓
____________________.'..|)[[[..'.
▓▓▓▓▓▓▓▓▓▓▓▓▓▓▓▓▓▓▓▓▓▓▓▓▓▓▓▓▓▓▓▓▓


You could see 2 death yaks and a yak.

Vanquished Creatures
  A catoblepas (D)
  A death yak (D)
  Psyche (D)
  A gargoyle (D)
  A black mamba (D)
  A spiny frog (D)
  2 komodo dragons (D)
  A hippogriff (D)
  A wyvern (D)
  2 yaks (D)
  A soldier ant (D)
  A porcupine (D)
  2 water moccasins (D)
  A sky beast (D)
  An ogre (D)
  2 crocodiles (D)
  4 bullfrogs (D)
  A crimson imp (D)
  3 worker ants (D)
  A worm (D)
  3 orcs (D)
  3 goblins (D)
  A ball python (D)
  A kobold (D)
  A rat (D)
38 creatures vanquished.

Notes
Turn   | Place    | Note
-------+----------+-------------------------------------------
     0 | D        | equalderp2856 the Felid Fighter began the quest for the Orb.
     0 | D        | Reached XP level 1. HP: 10/10 MP: 2/2
    22 | D        | Noticed a worker ant
    22 | D        | Noticed a sky beast
    29 | D        | Killed a worker ant
    29 | D        | Reached skill level 5 in Dodging
    29 | D        | Reached skill level 6 in Unarmed Combat
    29 | D        | Reached XP level 2. HP: 11/15 MP: 3/3
    29 | D        | Reached XP level 3. HP: 13/18 MP: 4/4
    36 | D        | Reached skill level 1 in Stealth
    47 | D        | Killed a sky beast
    47 | D        | Reached skill level 5 in Fighting
    47 | D        | Reached skill level 8 in Unarmed Combat
    47 | D        | Reached XP level 4. HP: 7/23 MP: 5/5
   349 | D        | Found a roughly hewn altar of Beogh.
   349 | D        | Found a snail-covered altar of Cheibriados.
   349 | D        | Found a shadowy altar of Dithmenos.
   349 | D        | Found a white marble altar of Elyvilon.
   349 | D        | Found a blossoming altar of Fedhas.
   349 | D        | Found an opulent altar of Gozag.
   350 | D        | Found a hazy altar of Hepliaklqana.
   351 | D        | Found a viscous altar of Jiyva.
   352 | D        | Found an ancient bone altar of Kikubaaqudgha.
   353 | D        | Found a corrupted altar of Lugonu.
   354 | D        | Found a burning altar of Makhleb.
   355 | D        | Found a sparkling altar of Nemelex Xobeh.
   356 | D        | Found an iron altar of Okawaru.
   357 | D        | Found a stormy altar of Qazlal.
   358 | D        | Found a sacrificial altar of Ru.
   359 | D        | Found a deep blue altar of Sif Muna.
   360 | D        | Found a bloodstained altar of Trog.
   361 | D        | Found a hide-covered altar of Uskayaw.
   362 | D        | Found a radiant altar of Vehumet.
   363 | D        | Found a shimmering altar of Xom.
   364 | D        | Found a basalt altar of Yredelemnul.
   365 | D        | Found a glowing silver altar of Zin.
   366 | D        | Found a glowing golden altar of the Shining One.
   402 | D        | Became a worshipper of Gozag Ym Sagoz the Greedy
   440 | D        | Noticed a gargoyle
   440 | D        | Noticed a wyvern
   440 | D        | Noticed a bullfrog
   440 | D        | Noticed a bullfrog
   440 | D        | Noticed a soldier ant
   446 | D        | Slain by a gargoyle
   447 | D        | Reached XP level 3. HP: -2/19 MP: 4/4
   463 | D        | Noticed a bullfrog
   463 | D        | Noticed an ogre
   467 | D        | Killed an ogre
   467 | D        | Reached skill level 9 in Unarmed Combat
   467 | D        | Reached XP level 4. HP: 4/24 MP: 5/5
   467 | D        | Reached XP level 5. HP: 4/27 MP: 6/6
   622 | D        | Reached skill level 10 in Unarmed Combat
   817 | D        | Gained mutation: You are covered in thick fur. (AC +2) [Felid growth]
   817 | D        | Reached XP level 6. HP: 17/31 MP: 7/7
   983 | D        | Killed a soldier ant
   983 | D        | Reached skill level 5 in Stealth
   983 | D        | Reached skill level 11 in Unarmed Combat
  1002 | D        | Reached skill level 12 in Unarmed Combat
  1105 | D        | Killed a wyvern
  1105 | D        | Reached skill level 10 in Dodging
  1105 | D        | Reached XP level 7. HP: 27/36 MP: 8/8
  1209 | D        | Killed a gargoyle
  1209 | D        | Reached skill level 13 in Unarmed Combat
  1375 | D        | Noticed a black mamba
  1375 | D        | Noticed a komodo dragon
  1375 | D        | Noticed a komodo dragon
  1376 | D        | Noticed a hippogriff
  1377 | D        | Killed a black mamba
  1377 | D        | Reached skill level 14 in Unarmed Combat
  1377 | D        | Reached XP level 8. HP: 40/40 MP: 9/9
  1379 | D        | Killed a komodo dragon
  1388 | D        | Reached skill level 15 in Unarmed Combat
  1765 | D        | Killed a komodo dragon
  1765 | D        | Reached XP level 9. HP: 41/44 MP: 10/10
  1808 | D        | Reached skill level 16 in Unarmed Combat
  1833 | D        | Noticed a spiny frog
  1833 | D        | Noticed a spiny frog
  1833 | D        | Noticed a six-headed hydra
  1834 | D        | Noticed a spiny frog
  1836 | D        | Noticed an eight-headed hydra
  1841 | D        | Killed a spiny frog
  1841 | D        | Reached skill level 10 in Stealth
  1842 | D        | Slain by a six-headed hydra
  1843 | D        | Reached XP level 8. HP: -1/40 MP: 9/9
  1901 | D        | Noticed a death yak
  1902 | D        | Noticed a catoblepas
  1903 | D        | Noticed a death yak
  1905 | D        | Noticed a catoblepas
  1906 | D        | Noticed a death yak
  2343 | D        | Killed a catoblepas
  2343 | D        | Reached XP level 9. HP: 44/44 MP: 10/10
  2420 | D        | Noticed Psyche
  2432 | D        | Killed Psyche
  2432 | D        | Reached skill level 17 in Unarmed Combat
  2442 | D        | Killed a death yak
  2817 | D        | Mangled by a death yak

Skill      XL: |  1  2  3  4  5  6  7  8  9 |
---------------+----------------------------+-----
Fighting       | 4 5 6 7 8 |  8.4
Dodging        | 5 7 8 10 11 13 | 13.5
Unarmed Combat | 6 9 10 12 14 15 17 | 17.8
Stealth        | 3 4 5 7 11 12 | 12.4

Action                   |  1- 3 |  4- 6 |  7- 9 || total
-------------------------+-------+-------+-------++-------
Melee: Unarmed           |    38 |    39 |    83 ||   160
       Bite              |     2 |     7 |    24 ||    33
       Punch             |       |     2 |     7 ||     9
  Use: Potion            |       |     1 |     1 ||     2
 Stab: Sleeping          |     1 |       |     3 ||     4
       Distracted        |       |     1 |     4 ||     5
Armor: Skin              |     2 |       |       ||     2
Dodge: Dodged            |    18 |    26 |    53 ||    97
